 Dungeon Crawl Stone Soup version 0.26-a0-1033-gd598b01645 (webtiles) character file.

Game seed: 8391236482105646906

19874 sokol815 the Carver (level 12, -7/87 HPs)
             Began as an Octopode Ice Elementalist on Dec 10, 2020.
             Was an Initiate of Gozag.
             Mangled by an eight-headed hydra (9 damage)
             ... on level 3 of the Lair of Beasts on Dec 11, 2020.
             The game lasted 01:12:54 (16243 turns).

sokol815 the Carver (Octopode Ice Elementalist)    Turns: 16243, Time: 01:12:55

Health: -7/87      AC:  1    Str: 14    XL:     12   Next: 73%
Magic:  16/16      EV: 16    Int: 18    God:    Gozag
Gold:   148        SH:  7    Dex: 16    Spells: 4/17 levels left

rFire    . . .     SeeInvis .   b - +2 dagger (drain)
rCold    . . .     Faith    .   A - +2 buckler
rNeg     + . .     Spirit   .   (helmet restricted)
rPois    .         Reflect  .   i - amulet of regeneration
rElec    .         Harm     .   M - ring of positive energy
rCorr    .         Rampage  .   Q - +6 ring of strength
Will     .....                  S - ring of flight
Stlth    ++++......             (no ring)
HPRegen  0.64/turn              (no ring)
MPRegen  0.15/turn              (no ring)
                                (no ring)
                                (no ring)

@: gold aura
A: almost no armour, stealthy swim, amphibious, 8 rings, constrict 8, tentacle
spike 1, camouflage 1, gelatinous body 1, MP-powered wands
a: Potion Petition, Call Merchant, Bribe Branch, Renounce Religion, Evoke Flight


You were on level 3 of the Lair of Beasts.
You worshipped Gozag.
Gozag was aware of your devotion.
You visited 2 branches of the dungeon, and saw 13 of its levels.
You also visited: Ossuary.

You collected 3293 gold pieces.
You spent 1472 gold pieces at shops.
You paid 1673 gold pieces to Gozag.

Inventory:

Hand Weapons
 a - a +1 scimitar of protection
 b - a +2 dagger of draining (weapon)
 w - a cursed -3 war axe
 L - a +3 scimitar
Missiles
 g - 3 throwing nets
 p - 52 poisoned darts (quivered)
 H - 8 curare-tipped darts
 U - 4 silver boomerangs
 Z - 7 javelins
Armour
 c - a +0 tower shield
 A - a +2 buckler (worn)
Jewellery
 i - an amulet of regeneration (around mantle)
 E - a cursed ring of ice
 M - a ring of positive energy (left tentacle)
 Q - a +6 ring of strength (right tentacle)
 S - a ring of flight (on tentacle)
 T - a cursed amulet of inaccuracy {unknown}
Wands
 k - a wand of polymorph (9)
 q - a wand of acid (8)
 r - a wand of random effects (32)
 u - a wand of iceblast (3)
 y - a wand of flame (37)
 O - a wand of digging (3)
Scrolls
 d - 5 scrolls of amnesia
 e - 4 scrolls of remove curse
 l - a scroll of identify
 t - 3 scrolls of enchant weapon
 v - 3 scrolls of blinking {unknown}
 D - a scroll of teleportation
 P - 2 scrolls of acquirement {unknown}
 R - a scroll of holy word {unknown}
 V - a scroll of silence
 X - a scroll of brand weapon {unknown}
Potions
 f - a potion of cancellation
 h - a potion of magic
 j - 3 potions of mutation
 m - 4 potions of flight
 n - 2 potions of resistance
 o - 3 potions of might
 s - 3 potions of curing
 G - 2 potions of lignification
 I - 5 potions of haste
 N - a potion of invisibility
 W - 2 potions of brilliance
 Y - a potion of berserk rage
Miscellaneous
 x - a lightning rod (4/4)


   Skills:
 - Level 10.0 Fighting
 + Level 10.1 Long Blades
 - Level 5.0 Dodging
 - Level 6.0 Stealth
 - Level 4.1 Shields
 - Level 3.0 Spellcasting
 * Level 7.4 Transmutations
 - Level 9.0 Ice Magic
 * Level 7.3 Earth Magic


You had 4 spell levels left.
You knew the following spells:

 Your Spells              Type           Power        Failure   Level
a - Freeze                Ice            ####         1%          1
b - Frozen Ramparts       Ice            #####.       1%          3
c - Ozocubu's Armour      Ice            #####...     1%          3
d - Statue Form           Tmut/Erth      ####.....    77%         6

Your spell library contained the following spells:

 Spells                   Type           Power        Failure   Level
 Sting                    Tmut/Pois      ###.         3%          1
 Ignite Poison            Fire/Tmut/Pois ##......     19%         3
 Poisonous Vapours        Pois/Air       #.....       24%         2
 Hailstorm                Conj/Ice       ###.....     26%         4
 Summon Ice Beast         Ice/Summ       ###.....     26%         4
 Mephitic Cloud           Conj/Pois/Air  #.......     43%         3
 Olgreb's Toxic Radiance  Pois           #.......     85%         4
 Irradiate                Conj/Tmut      ###.......   69%         5
 Hydra Form               Tmut           ####......   77%         6
 Dragon Form              Tmut           ####......   100%        7


Dungeon Overview and Level Annotations

Branches:
Dungeon (10/15)            Temple (0/1) D:4            Lair (3/6) D:8
 Shoals (0/4) Lair:2      Ossuary (visited)
  Snake: Lair:2-4    Spider: Lair:2-4       Orc: D:9-12

Altars:
Ashenzari
Dithmenos
Elyvilon
Fedhas
Gozag
Kikubaaqudgha
Okawaru
Ru
Sif Muna
Xom
Yredelemnul

Shops:
D:4 }   D:5 (   D:6 (   D:10 *

Portals:
Trove: D:10 (give horn of Geryon)

Annotations:
D:3 exclusion: centaur
Lair:2 1 runed translucent door, Zapai's ghost, journeyman DgAr


Innate Abilities, Weirdness & Mutations

You cannot wear most types of armour.
You are very stealthy in the water. (Stealth+)
You are amphibious.
You can wear up to eight rings at the same time.
You can use your tentacles to constrict eight enemies at once.
Your skin changes colour to match your surroundings (Stealth+).
Your rubbery body absorbs attacks. (AC +1, EV +1)
One of your tentacles bears a spike.
You expend magic power (3 MP) to strengthen your wands.


Message History

Okay, then. [a] - 464 gold - heal wounds, curing and magic [b] - 240 gold - brilliance and magic [c] - 928 gold - lignification, might, resistance, haste and heal wounds Purchase which effect?
You no longer have enough gold to petition Gozag for potion effects.
You feel much better.
You feel better. Magic courses through your body.
The death yak is no longer distracted by gold.
The eight-headed hydra barely misses you.
You block the eight-headed hydra's attack.
The eight-headed hydra bites you.
* * * LOW HITPOINT WARNING * * *
The eight-headed hydra bites you!
* * * LOW HITPOINT WARNING * * *
The eight-headed hydra closely misses you. x2
The eight-headed hydra bites you!
* * * LOW HITPOINT WARNING * * *
The eight-headed hydra bites you!
You die...
Your body crumbles into a pile of gold.

#.... .....≈≈≈≈≈≈≈≈....####...
#...###..≈≈≈≈≈≈≈≈≈≈....#P#.(.
#........≈≈Y≈.≈≈≈≈....#.((#.
#PP##...≈≈≈≈Y>≈≈≈≈.........# ##
#.....≈≈≈YYY≈≈≈≈.......##
#P...≈≈≈≈Y≈≈≈≈≈$.......##
#.....≈≈≈≈≈≈≈≈≈....#.....
##.....≈D≈≈≈≈.......##..#
##......@.≈...#..........
#..............#...##...#
#...................#..P. ###
#...#..........P......... ##.###
##........#.#...#......##.
#....###......##...#...........#.
.........#...##....#.#...........
.....####....#.....###P.........(
.....###....####..######.#.#.....


You could see 4 death yaks, an eight-headed hydra and 2 yaks.

Vanquished Creatures
  Fannar (Lair:1)
  Harold (Lair:1)
  2 hydras (Lair:1)
  2 two-headed ogres
  A death yak (Lair:2)
  An unseen horror (D:10)
  A cyclops (D:9)
  A black mamba (Lair:1)
  2 centaur skeletons
  A komodo dragon (Lair:3)
  2 rime drakes (Lair:2)
  A troll (D:9)
  4 dream sheep (Lair:1)
  Grinder (D:6)
  10 blink frogs
  2 wyverns (Lair:2)
  14 yaks
  2 basilisks
  Eustachio (D:6)
  Edmund (D:6)
  6 water moccasins
  Duvessa (D:7)
  3 orc warriors
  A sky beast (D:7)
  3 ice beasts
  2 phantoms
  3 wolves (Lair:3)
  4 ogres
  2 centaurs
  2 big kobolds
  Blork the orc (D:6)
  2 elf zombies (Ossuary)
  13 bullfrogs
  A gnoll sergeant (D:8)
  Dowan (D:7)
  4 scorpions
  6 killer bees (D:9)
  19 wights
  6 howler monkeys
  6 electric eels (D:10)
  2 centaur zombies
  2 human zombies (Ossuary)
  6 hounds
  3 jellies
  An orc priest (D:7)
  8 orc wizards
  5 bullfrog skeletons
  4 iguanas
  Natasha (thrice) (D:2)
  12 worker ants
  A killer bee zombie (D:8)
  5 big kobold zombies (Ossuary)
  2 hound skeletons
  A hound zombie (Ossuary)
  3 mummies (Ossuary)
  4 gnolls (D:8)
  12 adders
  3 shadow imps
  A white imp (D:7)
  2 ufetubi
  2 oozes
  4 adder zombies
  2 adder skeletons
  3 worms
  2 dart slugs
  A leopard gecko (D:3)
  28 orcs
  4 giant cockroaches
  4 goblins
  8 hobgoblins
  9 jackals
  12 kobolds
  3 quokkas
  2 ball pythons
  5 bats
  4 frilled lizards
  6 goblin zombies (Ossuary)
  A jackal skeleton (D:6)
  4 jackal zombies (Ossuary)
  2 kobold zombies (Ossuary)
  A leopard gecko skeleton (D:7)
  2 orc zombies (Ossuary)
  2 quokka skeletons
  6 quokka zombies
  2 rats
  2 rat zombies (Ossuary)
338 creatures vanquished.

Vanquished Creatures (others)
  7 fungi
  16 plants
23 creatures vanquished.

Grand Total: 361 creatures vanquished

Notes
Turn   | Place    | Note
-------+----------+-------------------------------------------
     0 | D:1      | sokol815 the Octopode Ice Elementalist began the quest for
                  | the Orb.
     0 | D:1      | Reached XP level 1. HP: 11/11 MP: 3/3
   167 | D:1      | Reached XP level 2. HP: 16/17 MP: 3/5
  1031 | D:2      | Noticed Natasha
  1032 | D:2      | Found an opulent altar of Gozag.
  1038 | D:2      | Killed Natasha
  1039 | D:2      | Reached XP level 3. HP: 14/21 MP: 2/6
  1044 | D:2      | Became a worshipper of Gozag Ym Sagoz the Greedy
  1157 | D:2      | Noticed Natasha
  1163 | D:2      | Killed Natasha
  1164 | D:2      | Reached XP level 4. HP: 20/27 MP: 3/7
  1316 | D:2      | Reached skill level 5 in Stealth
  1457 | D:2      | Found a broken altar of Ashenzari.
  1457 | D:2      | Found a sacrificial altar of Ru.
  1491 | D:2      | Noticed Natasha
  1540 | D:2      | Killed Natasha
  1695 | D:2      | Reached XP level 5. HP: 31/31 MP: 8/8
  1729 | D:2      | Learned a level 3 spell: Frozen Ramparts
  2431 | D:3      | Gained mutation: One of your tentacles bears a spike.
                  | [potion of mutation]
  2431 | D:3      | Gained mutation: You expend magic power (3 MP) to
                  | strengthen your wands. [potion of mutation]
  2694 | D:3      | Found an iron altar of Okawaru.
  3152 | D:3      | Noticed a centaur
  3631 | D:4      | Reached XP level 6. HP: 20/36 MP: 9/9
  3729 | D:4      | Found a sand-covered staircase.
  3734 | Ossuary  | Entered an ossuary
  3932 | Ossuary  | Learned a level 3 spell: Ozocubu's Armour
  3943 | Ossuary  | Reached skill level 5 in Ice Magic
  3959 | Ossuary  | Reached XP level 7. HP: 23/41 MP: 11/11
  4214 | Ossuary  | Reached skill level 5 in Dodging
  4477 | D:4      | Found Orghuecs's Gadget Boutique.
  4520 | D:4      | Found a blossoming altar of Fedhas.
  4735 | D:4      | Found a staircase to the Ecumenical Temple.
  5141 | D:4      | Reached XP level 8. HP: 36/46 MP: 8/12
  5460 | D:5      | Entered Level 5 of the Dungeon
  5941 | D:5      | Found a white marble altar of Elyvilon.
  6191 | D:5      | Found Ypnis Sorr's Antique Weapon Shoppe.
  6194 | D:5      | Bought a glowing scimitar for 147 gold pieces
  6377 | D:6      | Noticed Edmund
  6379 | D:6      | Found a shimmering altar of Xom.
  6391 | D:6      | Killed Edmund
  6392 | D:6      | Reached skill level 1 in Fighting
  6392 | D:6      | Reached skill level 1 in Long Blades
  6537 | D:6      | Noticed Grinder
  6552 | D:6      | Killed Grinder
  6553 | D:6      | Reached XP level 9. HP: 22/56 MP: 3/13
  6771 | D:6      | Noticed Blork the orc
  6804 | D:6      | Killed Blork the orc
  6912 | D:6      | Reached skill level 1 in Shields
  7003 | D:6      | Noticed Eustachio
  7012 | D:6      | Killed Eustachio
  7319 | D:6      | Found an ancient bone altar of Kikubaaqudgha.
  7611 | D:7      | Noticed Duvessa
  7611 | D:7      | Noticed Dowan
  7618 | D:7      | Killed Duvessa
  7623 | D:7      | Killed Dowan
  7728 | D:7      | Found a basalt altar of Yredelemnul.
  7730 | D:7      | Found an iron altar of Okawaru.
  7730 | D:7      | Found a shadowy altar of Dithmenos.
  7875 | D:7      | Reached skill level 5 in Fighting
  7875 | D:7      | Reached skill level 5 in Long Blades
  8085 | D:7      | Reached XP level 10. HP: 67/67 MP: 14/14
  9359 | D:8      | Noticed a two-headed ogre
  9586 | D:8      | Found a staircase to the Lair.
  9958 | D:9      | Found a shimmering blue altar of Sif Muna.
 10226 | D:9      | Noticed a cyclops
 10383 | D:10     | Entered Level 10 of the Dungeon
 10473 | D:10     | Reached XP level 11. HP: 78/78 MP: 1/15
 10879 | D:10     | Found a portal to a secret trove of treasure.
 10891 | D:10     | Found Juvahe Boit's Changing Room.
 10900 | D:10     | Bought a book of Transfigurations for 715 gold pieces
 10907 | D:10     | Learned a level 6 spell: Statue Form
 11006 | D:10     | Killed an unseen horror
 11007 | D:10     | Reached skill level 1 in Transmutations
 11007 | D:10     | Reached skill level 1 in Earth Magic
 11173 | D:10     | Noticed a two-headed ogre
 12302 | Lair:1   | Entered Level 1 of the Lair of Beasts
 12393 | Lair:1   | Noticed Fannar
 12578 | Lair:1   | Noticed a four-headed hydra
 12604 | Lair:1   | Killed a four-headed hydra
 12617 | Lair:1   | HP: 1/80 [Fannar/bolt of cold (29)]
 12619 | Lair:1   | Noticed Harold
 12619 | Lair:1   | Noticed a six-headed hydra
 12867 | Lair:1   | Killed Harold
 12937 | Lair:1   | Killed a six-headed hydra
 12938 | Lair:1   | Reached skill level 5 in Transmutations
 12938 | Lair:1   | Reached skill level 5 in Earth Magic
 12976 | Lair:1   | Killed Fannar
 12977 | Lair:1   | Reached XP level 12. HP: 78/86 MP: 2/16
 14192 | Lair:2   | Found a runed translucent door.
 14192 | Lair:2   | Noticed Zapai's ghost (journeyman DgAr)
 14280 | Lair:2   | Found a staircase to the Shoals.
 14840 | Lair:3   | Noticed an eight-headed hydra
 14840 | Lair:3   | Noticed a death yak
 14841 | Lair:3   | Noticed a death yak
 14841 | Lair:3   | Noticed a death yak
 14919 | Lair:3   | Noticed a death yak
 15034 | D:8      | Killed a two-headed ogre
 15035 | D:8      | Reached skill level 10 in Fighting
 15035 | D:8      | Reached skill level 10 in Long Blades
 15492 | D:9      | Noticed a centaur warrior
 15590 | D:10     | Killed a two-headed ogre
 15780 | D:4      | Bought a wand of acid (8) for 240 gold pieces
 15780 | D:4      | Bought a wand of iceblast (3) for 70 gold pieces
 15780 | D:4      | Bought a lightning rod (4/4) for 300 gold pieces
 16105 | Lair:2   | Killed a death yak
 16236 | Lair:3   | Noticed a death yak
 16242 | Lair:3   | HP: 3/87 [eight-headed hydra (17)]
 16243 | Lair:3   | Mangled by an eight-headed hydra

Illustrated notes

Levels and vault maps discovered:
D:1:      lightli_arrival_farm, layout_loops_ring
D:2:      layout_loops_ring, gammafunk_temple_overflow_elements,
          grunt_gozag_breadcrumbs, uniq_natasha
D:3:      layout_basic, okawaru_gym_becter
D:4:      layout_gridville, lemuel_doored_altar, minmay_temple_entry_large_hall,
          serial_shops, nicolae_shop_stone, enter_ossuary_5
D:5:      layout_rooms, serial_shops, kennysheep_mini_moat, minmay_hedge_maze,
          elyvilon_altar_4
D:6:      layout_basic, lemuel_round_altar, marbit_many_paths,
          uniq_blork_the_orc, uniq_edmund, uniq_eustachio, uniq_grinder
D:7:      layout_layer_cave, grunt_temple_overflow_open, uniq_duvessa
D:8:      layout_rooms, lair_entry_dummy, hangedman_abyss_or_decor_stabs,
          kennysheep_cross_bottleneck
D:9:      minmay_chambers_of_sevens, layout_cave_pools, lemuel_crystal_altar
D:10:     cheibrodos_two_vegetables, layout_loops_ring,
          nicolae_trove_entry_free_sample, nicolae_transmutations_shop
Lair:1:   layout_regular_city, uniq_harold, uniq_fannar
Lair:2:   layout_roguey, shoals_dummy_entry, gammafunk_ghost_grave
Lair:3:   layout_misc_corridors, minmay_shattered_shrine,
          infiniplex_staircase_pool_2

Skill      XL: |  1  2  3  4  5  6  7  8  9 10 11 12 |
---------------+-------------------------------------+-----
Stealth        | 3 4 5 6 |  6.0
Dodging        | 3 4 5 |  5.0
Spellcasting   | 3 |  3.0
Ice Magic      | 5 7 9 |  9.0
Fighting       | 3 5 8 9 10 | 10.0
Long Blades    | 3 5 8 9 10 | 10.1
Shields        | 4 |  4.1
Transmutations | 5 7 |  7.4
Earth Magic    | 5 7 |  7.3

Action                   |  1- 3 |  4- 6 |  7- 9 | 10-12 || total
-------------------------+-------+-------+-------+-------++-------
Melee: Dagger            |    18 |    37 |       |    13 ||    68
       Constrict         |     5 |    36 |    70 |    80 ||   191
       Tentacles         |     3 |    24 |    59 |   102 ||   188
       Mace              |       |   104 |   172 |       ||   276
       Kick              |       |    32 |    96 |   173 ||   301
       Scimitar          |       |       |   105 |   416 ||   521
Throw: Stone             |       |     4 |    16 |     4 ||    24
       Dart              |       |       |       |    28 ||    28
 Cast: Freeze            |    15 |    26 |       |       ||    41
       Ozocubu's Armour  |       |     1 |    20 |    39 ||    60
       Frozen Ramparts   |       |       |    16 |    34 ||    50
Invok: Call Merchant     |       |       |     1 |       ||     1
       Potion Petition   |       |       |       |     2 ||     2
Evoke: Wand              |       |       |       |    41 ||    41
  Use: Scroll            |       |     8 |     6 |    13 ||    27
       Potion            |       |     1 |       |     9 ||    10
 Stab: Sleeping          |     5 |    14 |    13 |    19 ||    51
       Distracted        |       |     2 |     2 |     2 ||     6
Armor: Skin              |     3 |    13 |    37 |    94 ||   147
Dodge: Dodged            |    22 |    97 |   229 |   214 ||   562
Block: Kite shield       |       |       |    22 |    95 ||   117
       Buckler           |       |       |       |    57 ||    57
       Rpst.: Scimitar   |       |       |    22 |    50 ||    72

Table legend: (Time is in decaauts)
 A = Elapsed time spent in this place.
 B = Non-inter-level travel time spent in this place.
 C = Inter-level travel time spent in this place.
 D = Time resting spent in this place.
 E = Time spent auto-exploring this place.
 F = Levels seen in this place.
 G = Mean time per level.
                   A        B        C        D        E       F      G
               +--------+--------+--------+--------+--------+-----+--------+
         Total |  16374 |  15206 |   1168 |   2622 |   9044 |  14 | 1169.6 |
       Dungeon |  12612 |  11643 |    969 |   2060 |   7219 |  10 | 1261.2 |
          Lair |   3030 |   2831 |    199 |    405 |   1644 |   3 | 1010.0 |
       Ossuary |    731 |    731 |      0 |    157 |    181 |   1 |  731.0 |
               +--------+--------+--------+--------+--------+-----+--------+

Top non-repeatable levels by time:
    D:10: 1871 daAuts
     D:7: 1565 daAuts
     D:6: 1423 daAuts
     D:3: 1412 daAuts
     D:2: 1324 daAuts
     D:4: 1267 daAuts
  Lair:1: 1240 daAuts
  Lair:2: 1215 daAuts
     D:8: 1122 daAuts
     D:9: 964 daAuts
     D:1: 903 daAuts
     D:5: 759 daAuts
 Ossuary: 731 daAuts
  Lair:3: 574 daAuts
